 Dungeon Crawl Stone Soup version 0.21-a0-440-g28109cb (webtiles) character file.

102 kae the Chopper (level 4, 0/41 HPs)
             Began as a Hill Orc Fighter on Nov 11, 2017.
             Slain by a worm (9 damage)
             ... on level 3 of the Dungeon.
             The game lasted 00:01:32 (1871 turns).

kae the Chopper (Hill Orc Fighter)                  Turns: 1871, Time: 00:01:33

Health: 0/41       AC:  9    Str: 19    XL:     4   Next: 77%
Magic:  4/4        EV:  7    Int:  8    God:
Gold:   182        SH:  9    Dex: 10    Spells: 3/3 levels left

rFire    . . .     SeeInvis .   a - +0 war axe
rCold    . . .     Gourm    .   c - +0 shield
rNeg     . . .     Faith    .   b - +0 scale mail
rPois    .         Spirit   .   (no helmet)
rElec    .         Reflect  .   (no cloak)
rCorr    .         Harm     .   p - +0 pair of gloves
MR       .....                  n - +0 pair of boots
Stlth    ..........             (no amulet)
HPRegen  0.13/turn              (no ring)
MPRegen  0.09/turn              (no ring)

@: no status effects
A: no striking features
a: no special abilities


You were on level 3 of the Dungeon.
You were not hungry.

You visited 1 branch of the dungeon, and saw 3 of its levels.

You collected 182 gold pieces.

Inventory:

Hand Weapons
 a - a +0 war axe (weapon)
Armour
 b - a +0 scale mail (worn)
 c - a +0 shield (worn)
 n - a +0 pair of boots (worn)
 p - a +0 pair of gloves (worn)
Scrolls
 h - 3 scrolls of remove curse
 i - a scroll of teleportation
 j - 8 scrolls of identify
 q - a scroll of fog {unknown}
Potions
 d - 2 potions of might
 e - 2 potions of ambrosia
 g - a potion of agility {unknown}
 k - a potion of mutation {unknown}
 l - a potion of haste
 m - 4 potions of curing {unknown}
 o - 3 potions of lignification {unknown}
Comestibles
 f - a bread ration


   Skills:
 + Level 4.5 Fighting
 * Level 4.9 Axes
 + Level 4.0 Armour
 - Level 3.2 Shields


You had 3 spell levels left.
You didn't know any spells.

Dungeon Overview and Level Annotations

Branches:
Dungeon (3/15)

Altars:
Trog


Message History

The worm is moderately wounded.
You hit the worm but do no damage. The worm barely misses you.
The worm bites you. You block the worm's attack.
You slash the worm!
The worm is severely wounded.
You hit the worm. The worm bites you! You block the worm's attack.
You are too injured to fight recklessly!
You are too injured to fight recklessly!
You are too injured to fight recklessly!
You are too injured to fight recklessly!
You are too injured to fight recklessly!
You are too injured to fight recklessly!
The worm bites you. You block the worm's attack.
There is an open door here.
You slash the worm!
The worm is heavily wounded.
The worm bites you!
* * * LOW HITPOINT WARNING * * *
The worm bites you!
You die...

###### ########....#
#).......##.#
#.#########@#### #.#
##..ww...##
#.#####.........##
#.##.#......†....#
######.##.#....###....#
#..<..#...#...##y##...#
...###.####....###....#
.#.# #.# ##.........##
...# #.#####)..._....#


You could see a moth of wrath and 2 worms.

Vanquished Creatures
  4 adders
  3 worms
  A dart slug (D:1)
  2 leopard geckos (D:1)
  2 orcs (D:3)
  5 bats
  3 giant cockroaches (D:1)
  3 goblins
  9 hobgoblins
  A quokka (D:2)
  5 frilled lizards
  8 kobolds
  6 rats
52 creatures vanquished.

Notes
Turn   | Place    | Note
-------+----------+-------------------------------------------
     0 | D:1      | kae the Hill Orc Fighter began the quest for the Orb.
     0 | D:1      | Reached XP level 1. HP: 19/19 MP: 1/1
   126 | D:1      | Reached XP level 2. HP: 16/27 MP: 2/2
   391 | D:1      | Reached XP level 3. HP: 24/33 MP: 3/3
  1112 | D:2      | Reached XP level 4. HP: 40/40 MP: 4/4
  1853 | D:3      | Noticed a moth of wrath
  1855 | D:3      | Found a bloodstained altar of Trog.
  1871 | D:3      | Slain by a worm

Vault maps used:
D:1:      elethiomel_arrival_maze
D:3:      tgw_trog, serial_glass, glass_columns_a, glass_columns_a,
          glass_columns_b, glass_columns_a, glass_columns_b, glass_columns_b,
          glass_columns_c, glass_columns_a, glass_columns_a, glass_columns_b,
          glass_columns_a, glass_columns_b, glass_columns_b, glass_columns_b

Skill      XL: |  1  2  3  4 |
---------------+-------------+-----
Axes           | 3 4 |  4.9
Fighting       | 4 |  4.5
Armour         | 4 |  4.0
Shields        | |  3.2

Action                   |  1- 3 |  4- 6 || total
-------------------------+-------+-------++-------
Melee: War axe           |   113 |    74 ||   187
  Use: Scroll            |     7 |       ||     7
  Eat: Chunk             |     1 |     2 ||     3
Armor: Scale mail        |    58 |    16 ||    74
Dodge: Dodged            |    42 |    26 ||    68
Block: Shield            |    58 |    45 ||   103

Table legend:
 A = Spawn XP
 B = Non-spawn XP
 C = Spawn XP percentage of total XP
 D = Spawn monster count
 E = Non-spawn monster count
 F = Spawn count percentage of total count
 G = Total turns spent on level
                    A         B        C        D         E        F      G
               +---------+---------+-------+---------+---------+-------+---------
         Total |       0 |     146 |   0.0 |       0 |      52 |   0.0 |  1871
               +---------+---------+-------+---------+---------+-------+---------
           D:1 |       0 |      43 |   0.0 |       0 |      22 |   0.0 |   729
           D:2 |       0 |      63 |   0.0 |       0 |      15 |   0.0 |   922
           D:3 |       0 |      40 |   0.0 |       0 |      15 |   0.0 |   220
               +---------+---------+-------+---------+---------+-------+---------
